 Dungeon Crawl Stone Soup version 0.24.1 (webtiles) character file.

Game seed: 875693141461477704, levelgen mode: deterministic

4619 Oragul the Chopper (level 10, -1/76 HPs)
             Began as a Demonspawn Fighter on Apr 1, 2020.
             Was an Elder of Kikubaaqudgha.
             Slain by a two-headed ogre
             ... wielding a +0 giant spiked club
              (14 damage)
             ... on level 8 of the Dungeon on Apr 2, 2020.
             The game lasted 01:03:14 (7116 turns).

Oragul the Chopper (Demonspawn Fighter)             Turns: 7116, Time: 01:03:22

Health: -1/76      AC: 15    Str: 19    XL:     10   Next: 19%
Magic:  10/10      EV:  5    Int: 10    God:    Kikubaaqudgha [****..]
Gold:   485        SH: 11    Dex: 22    Spells: 9/9 levels left

rFire    + . .     SeeInvis .   k - +7 broad axe of Valour {flame, Stlth+}
rCold    . . .     Gourm    .   C - +0 shield (curse)
rNeg     . . .     Faith    .   b - +1 plate armour
rPois    .         Spirit   .   (helmet restricted)
rElec    .         Reflect  .   z - +0 cloak
rCorr    .         Harm     .   (no gloves)
MR       .....                  (no boots)
Stlth    ..........             h - amulet of regeneration
HPRegen  0.62/turn              p - +5 ring of dexterity
MPRegen  0.12/turn              (no ring)

@: lethally poisoned (-1 -> -1)
A: antennae 2, thin skeletal structure 2, fire resistance 1, spiny 1
a: Receive Corpses, Renounce Religion


You were on level 8 of the Dungeon.
You worshipped Kikubaaqudgha.
Kikubaaqudgha was greatly pleased with you.
You were not hungry.

You visited 1 branch of the dungeon, and saw 8 of its levels.

You collected 485 gold pieces.

Inventory:

Hand Weapons
 a - a +0 long sword
 d - a +2 scythe of venom
 e - a +0 trident
 k - the +7 broad axe of Valour (weapon) {flame, Stlth+}
   (You found it on level 5 of the Dungeon)

   It has been specially enchanted to burn those struck by it, causing extra
   injury to most foes and up to half again as much damage against particularly
   susceptible opponents.
   Big, fiery blades are also staple armaments of hydra-hunters.
   It makes you more stealthy.
 m - a +2 great sword
 y - a +0 falchion of flaming
Missiles
 r - a throwing net (quivered)
Armour
 b - a +1 plate armour (worn)
 c - a +0 shield
 j - a +0 chain mail
 z - a +0 cloak (worn)
 C - a cursed +0 shield (worn)
Jewellery
 h - an amulet of regeneration (around neck)
 p - a +5 ring of dexterity (left hand)
Wands
 n - a wand of flame (30)
 B - a wand of iceblast (12)
Scrolls
 g - 2 scrolls of fear
 l - 2 scrolls of immolation
 q - 4 scrolls of blinking
 t - a scroll of enchant weapon {unknown}
 v - 4 scrolls of teleportation
Potions
 i - a potion of haste {unknown}
 s - 3 potions of lignification
 u - a potion of resistance
 w - 4 potions of curing
 x - a potion of cancellation {unknown}
 A - a potion of might
Comestibles
 f - 5 rations


   Skills:
 + Level 6.1 Fighting
 + Level 5.4 Long Blades
 * Level 7.1(7.6) Axes
 - Level 4.0(6.1) Polearms
 + Level 6.3 Armour
 + Level 2.4 Dodging
 - Level 0.1 Stealth
 + Level 5.5 Shields
 + Level 1.0 Necromancy
 + Level 0.6 Evocations


You had 9 spell levels left.
You didn't know any spells.
Your spell library contained the following spells:

 Spells                   Type           Power        Failure   Level  Hunger
 Pain                     Necr           #...         100%        1    ##.....
 Corpse Rot               Necr           N/A          100%        2    ###....
 Sublimation of Blood     Necr           #.........   100%        2    ###....
 Vampiric Draining        Necr           #.........   100%        3    ####...
 Bolt of Draining         Conj/Necr      #.........   100%        5    ######.
 Borgnjor's Vile Clutch   Necr/Erth      #.........   100%        5    ######.
 Dispel Undead            Necr           #.......     100%        5    ######.
 Death Channel            Necr           #.........   100%        6    #######
 Simulacrum               Ice/Necr       #.........   100%        6    #######


Dungeon Overview and Level Annotations

Branches:
Dungeon (8/15)             Temple (0/1) D:5
   Lair: D:8-11

Altars:
Ashenzari
Cheibriados
Hepliaklqana
Kikubaaqudgha
Vehumet
Wu Jian
Xom
The Shining One

Annotations:
D:4 2 transporters, kolakolka's ghost, novice TrHu
D:5 exclusion: statue


Innate Abilities, Weirdness & Mutations

You have a pair of antennae on your head.
You have a moderately thin skeletal structure. (Dex +4, Stealth+)
Your flesh is heat resistant. (rF+)
You are partially covered in sharp spines.


Message History

You slash the two-headed ogre! You burn the two-headed ogre.
The two-headed ogre is moderately wounded.
The two-headed ogre is struck by your spines.
The two-headed ogre hits you with a +0 giant spiked club!
* * * LOW HITPOINT WARNING * * *
The two-headed ogre barely misses you.
You completely miss the two-headed ogre.
The two-headed ogre is moderately wounded.
You feel sick.
The two-headed ogre is struck by your spines.
The two-headed ogre hits you but does no damage.
The two-headed ogre hits you with a +0 giant club.
* * * LOW HITPOINT WARNING * * *
You slash the two-headed ogre! You burn the two-headed ogre.
The two-headed ogre is severely wounded.
You feel sick.
The two-headed ogre is struck by your spines.
The two-headed ogre hits you with a +0 giant spiked club!
You die...
Kikubaaqudgha rasps: "You have failed me!
Welcome... death!"

#.# ..# #####.#
#..<#.# #.#.###.#
#)#.# #.# #.#.# #O#
#.#.# #@# ########.#.#
#.# .......#.#.# #.#
.......#.#.# #.#
#####......###.######.
......................
##..#..........###....
... ###.######## .. .
#+#


You could see a two-headed ogre.

Vanquished Creatures
  A two-headed ogre (D:7)
  Pikel (D:4)
  Grinder (D:6)
  Sigmund (D:3)
  A water moccasin (D:8)
  2 orc warriors (D:7)
  4 sky beasts
  A necrophage (D:5)
  A phantom (D:6)
  An ogre (D:5)
  2 centaurs (D:5)
  A bullfrog (D:7)
  A gnoll sergeant (D:7)
  3 scorpions
  A wyvern skeleton (D:6)
  2 howler monkeys (D:7)
  9 wights
  2 crimson imps (D:5)
  3 hounds
  9 orc wizards
  A centaur skeleton (D:5)
  Crazy Yiuf (D:5)
  4 orc priests
  An iguana (D:7)
  6 worker ants
  2 hound skeletons
  Robin (D:2)
  10 gnolls
  16 adders
  3 shadow imps
  An adder skeleton (D:4)
  4 worms
  4 dart slugs
  6 leopard geckos
  47 orcs
  11 giant cockroaches
  11 goblins
  11 hobgoblins
  4 jackals (D:7)
  6 kobolds
  2 quokkas
  7 bats
  7 frilled lizards
  A leopard gecko skeleton (D:4)
  A quokka skeleton (D:7)
  A quokka zombie (D:5)
  6 rats
222 creatures vanquished.

Vanquished Creatures (others)
  A hound (D:4)
  An iguana (D:4)
  4 jackals (D:4)
  5 toadstools (D:1)
11 creatures vanquished.

Grand Total: 233 creatures vanquished

Notes
Turn   | Place    | Note
-------+----------+-------------------------------------------
     0 | D:1      | Oragul the Demonspawn Fighter began the quest for the Orb.
     0 | D:1      | Reached XP level 1. HP: 18/18 MP: 1/1
   238 | D:1      | Gained mutation: You are partially covered in sharp spines.
                  | [demonic ancestry]
   238 | D:1      | Reached XP level 2. HP: 23/24 MP: 2/2
   824 | D:2      | Gained mutation: You have a somewhat thin skeletal
                  | structure. (Dex +2, Stealth) [demonic ancestry]
   824 | D:2      | Reached XP level 3. HP: 29/29 MP: 3/3
   914 | D:2      | Noticed Robin
   933 | D:2      | Killed Robin
   948 | D:2      | Gained mutation: You have a pair of small antennae on your
                  | head. [demonic ancestry]
   948 | D:2      | Reached XP level 4. HP: 23/35 MP: 4/4
  1230 | D:2      | Found a hazy altar of Hepliaklqana.
  1471 | D:2      | Found an ancient bone altar of Kikubaaqudgha.
  1487 | D:2      | Became a worshipper of Kikubaaqudgha
  1514 | D:2      | Reached XP level 5. HP: 41/41 MP: 5/5
  2395 | D:3      | Found a shattered altar of Ashenzari.
  2453 | D:3      | Found a shimmering altar of Xom.
  2916 | D:3      | Reached * piety under Kikubaaqudgha
  2916 | D:3      | Identified Kikubaaqudgha's Almanac of Dark Rites
                  | (Kikubaaqudgha gifted it to you on level 3 of the Dungeon)
  2916 | D:3      | Received a gift from Kikubaaqudgha
  3010 | D:3      | Gained mutation: You have a pair of antennae on your head.
                  | [demonic ancestry]
  3010 | D:3      | Reached XP level 6. HP: 26/48 MP: 6/6
  3465 | D:3      | Noticed Sigmund
  3496 | D:3      | Killed Sigmund
  3496 | D:3      | Reached skill level 1 in Dodging
  3496 | D:3      | Gained mutation: You have a moderately thin skeletal
                  | structure. (Dex +4, Stealth+) [demonic ancestry]
  3496 | D:3      | Reached XP level 7. HP: 9/54 MP: 7/7
  3841 | D:4      | Noticed Pikel
  3856 | D:4      | Killed Pikel
  3856 | D:4      | Reached skill level 5 in Long Blades
  3856 | D:4      | Reached skill level 1 in Polearms
  3856 | D:4      | Gained mutation: Your flesh is heat resistant. (rF+)
                  | [demonic ancestry]
  3856 | D:4      | Reached XP level 8. HP: 40/61 MP: 8/8
  4184 | D:4      | Found a transporter.
  4185 | D:4      | Noticed kolakolka's ghost (novice TrHu)
  4282 | D:4      | Reached skill level 1 in Necromancy
  4330 | D:4      | Found a transporter.
  4621 | D:5      | Entered Level 5 of the Dungeon
  4671 | D:5      | Reached skill level 5 in Armour
  4921 | D:5      | Reached ** piety under Kikubaaqudgha
  5052 | D:5      | Reached skill level 5 in Fighting
  5078 | D:5      | Got a smoking broad axe
  5090 | D:5      | Identified the +7 broad axe of Valour {flame, Stlth+} (You
                  | found it on level 5 of the Dungeon)
  5115 | D:5      | Found a staircase to the Ecumenical Temple.
  5206 | D:5      | Found a radiant altar of Vehumet.
  5217 | D:5      | Found a shimmering altar of Xom.
  5225 | D:5      | Reached skill level 1 in Axes
  5367 | D:5      | Reached XP level 9. HP: 66/67 MP: 9/9
  5477 | D:5      | Found a runed translucent door.
  5478 | D:5      | Noticed Crazy Yiuf
  5483 | D:5      | Killed Crazy Yiuf
  5523 | D:6      | Found a snail-covered altar of Cheibriados.
  5557 | D:6      | Reached skill level 2 in Axes
  5782 | D:6      | Reached skill level 3 in Axes
  5906 | D:6      | Found an ornate altar of the Wu Jian Council.
  6017 | D:6      | Reached *** piety under Kikubaaqudgha
  6017 | D:6      | Identified Kikubaaqudgha's Papyrus of Unholy Arts
                  | (Kikubaaqudgha gifted it to you on level 6 of the Dungeon)
  6017 | D:6      | Received a gift from Kikubaaqudgha
  6064 | D:6      | Noticed Grinder
  6067 | D:6      | Paralysed by Grinder for 6 turns
  6079 | D:6      | Killed Grinder
  6079 | D:6      | Reached skill level 4 in Axes
  6375 | D:7      | Reached skill level 5 in Shields
  6402 | D:7      | Noticed a two-headed ogre
  6436 | D:7      | Reached skill level 5 in Axes
  6446 | D:7      | Killed a two-headed ogre
  6446 | D:7      | Reached skill level 6 in Axes
  6447 | D:7      | Reached XP level 10. HP: 43/75 MP: 10/10
  6627 | D:7      | Reached **** piety under Kikubaaqudgha
  6969 | D:7      | Reached skill level 7 in Axes
  6995 | D:7      | Found a glowing golden altar of the Shining One.
  7109 | D:8      | Noticed a two-headed ogre
  7116 | D:8      | Slain by a two-headed ogre

Levels and vault maps discovered:
D:1:      ldierk_walled_garden, layout_basic
D:2:      layout_basic, kiku_gazebo_garden_becter,
          nicolae_overflow_hidden_temple, first_ration, uniq_robin
D:3:      layout_loops_ring, hangedman_ru_absence, marbit_many_paths,
          lemuel_doored_altar, minmay_pentangle, uniq_sigmund
D:4:      layout_cave_pools, gammafunk_ghost_stat_death, uniq_pikel
D:5:      minmay_chambers_of_threes, layout_basic, vehumet_statue,
          minmay_temple_entry_glass, minmay_misc_feat_more_columns,
          xom_teletrap_fun, uniq_crazy_yiuf_cottage
D:6:      layout_cave_pools, nicolae_overflow_crystal_walls,
          cheibriados_altar_1, uniq_grinder
D:7:      layout_cave_pools, lemuel_coloured_pillars_altar
D:8:      layout_basic, kennysheep_mini, minitemple,
          nicolae_qazlal_style_of_elements

Skill      XL: |  1  2  3  4  5  6  7  8  9 10 |
---------------+-------------------------------+-----
Shields        | 3 4 5 |  5.5
Armour         | 3 4 5 6 |  6.3
Long Blades    | 2 3 4 5 |  5.4
Fighting       | 4 5 6 |  6.1
Dodging        | 1 2 |  2.4
Polearms       | 1 4 |  4.0
Necromancy     | 1 |  1.0
Axes           | 1 6 7 |  7.1
Stealth        | |  0.1
Evocations     | |  0.6

Action                   |  1- 3 |  4- 6 |  7- 9 | 10-12 || total
-------------------------+-------+-------+-------+-------++-------
Melee: Long sword        |    78 |   191 |       |       ||   269
       Scythe            |       |       |    69 |       ||    69
       Broad axe         |       |       |    86 |    59 ||   145
Invok: Receive Corpses   |       |     1 |       |       ||     1
Evoke: Wand              |       |     2 |       |       ||     2
  Use: Scroll            |     2 |       |    13 |     1 ||    16
       Potion            |       |     3 |     3 |     1 ||     7
  Eat: Chunk             |       |     8 |     2 |       ||    10
       Ration            |       |     1 |     2 |     1 ||     4
Armor: Scale mail        |     9 |       |       |       ||     9
       Chain mail        |    28 |   104 |    58 |       ||   190
       Ring mail         |     1 |       |       |       ||     1
       Plate armour      |       |       |    61 |    24 ||    85
Dodge: Dodged            |    17 |    40 |    65 |     6 ||   128
Block: Shield            |    47 |   113 |    65 |    26 ||   251
       Rpst.: Long sword |     7 |    12 |       |       ||    19
